 Dungeon Crawl Stone Soup version 0.24-a0-243-g8f5f5cd (webtiles) character file.

Game seed: 449563977056047847

80 Hylith the Skirmisher (level 4, -11/36 HPs)
             Began as a Demonspawn Fighter on Apr 9, 2019.
             Mangled by Menkaure (19 damage)
             ... on level 2 of the Dungeon.
             The game lasted 00:03:37 (1323 turns).

Hylith the Skirmisher (Demonspawn Fighter)          Turns: 1323, Time: 00:03:38

Health: -11/36     AC:  6    Str: 17    XL:     4   Next: 18%
Magic:  4/4        EV: 10    Int: 10    God:
Gold:   66         SH:  9    Dex: 12    Spells: 3/3 levels left

rFire    . . .     SeeInvis .   a - +0 flail
rCold    . . .     Gourm    .   c - +0 shield
rNeg     . . .     Faith    .   b - +0 scale mail
rPois    .         Spirit   .   (no helmet)
rElec    .         Reflect  .   (no cloak)
rCorr    .         Harm     .   (no gloves)
MR       .....                  (no boots)
Stlth    ..........             (no amulet)
HPRegen  0.12/turn              m - +3 ring of evasion
MPRegen  0.09/turn              (no ring)

@: no status effects
A: hooves 2
a: no special abilities


You were on level 2 of the Dungeon.
You were hungry.

You visited 1 branch of the dungeon, and saw 2 of its levels.

You collected 66 gold pieces.

Inventory:

Hand Weapons
 a - a +0 flail (weapon)
Armour
 b - a +0 scale mail (worn)
 c - a +0 shield (worn)
Jewellery
 m - a +3 ring of evasion (left hand)
Scrolls
 e - 2 scrolls of remove curse {unknown}
 h - 2 scrolls of identify {unknown}
 j - 2 scrolls of blinking {unknown}
 k - a scroll of teleportation {unknown}
 n - a scroll of magic mapping {unknown}
Potions
 d - a potion of might
 i - a potion of degeneration {unknown}
 l - a potion of curing {unknown}
Comestibles
 f - 2 rations


   Skills:
 * Level 3.6 Fighting
 * Level 2.5 Maces & Flails
 + Level 3.0 Armour
 * Level 3.3 Shields


You had 3 spell levels left.
You didn't know any spells.
Your spell library was empty.

Dungeon Overview and Level Annotations

Branches:
Dungeon (2/15)

Altars:
Gozag
Kikubaaqudgha
Wu Jian
Yredelemnul
The Shining One

Annotations:
D:2 Menkaure


Innate Abilities, Weirdness & Mutations

You have hoof-like feet.


Message History

Menkaure hits you but does no damage. The phantom hits you.
Menkaure sighs in an indecipherable tongue.
Menkaure hits you.
You hit Menkaure but do no damage. You kick Menkaure, but do no damage.
Menkaure is lightly damaged.
The phantom closely misses you. You block Menkaure's attack.
You hit Menkaure. You kick Menkaure.
Menkaure is heavily damaged.
You block Menkaure's attack. The phantom hits you. Menkaure closely misses you.
The phantom hits you but does no damage.
You hit Menkaure but do no damage.
Menkaure is heavily damaged.
You block Menkaure's attack. You block the phantom's attack. Menkaure hits you.
* * * LOW HITPOINT WARNING * * *
Your shield prevents you from hitting Menkaure.
Menkaure is heavily damaged.
The phantom blinks!
You block Menkaure's attack.
The phantom blinks!
Menkaure hits you!!
Ouch! That really hurt!
You die...

..##.####.#############.#
#.......#.#©..........#.#
.....##...#$.........W#.#######
#
##...##.#.#$.###§###..#.......#
# #...#....#_.#8#.#8#..#.......#
# #..##....#)..........#.!.....#
# #..##...©#⌠....©.....#©..###.#
# #........#[?..§.M....#..## # #
#
#.###.##.#_.#8#@#8#..#.#####.###
#.###.##.#$.###.###..#.# #......
#....<##.#|..........#.# #.#.##.
#..#####.#...........#.# #.#.##.
#. #.#############.###.#...( #
#.................#.####.
###.........#...#........
#.####..#.#.....#....<.
#.###..........##.###.#


You could see a phantom and Menkaure.

Vanquished Creatures
  A wight (D:2)
  A worm (D:2)
  2 dart slugs
  A ball python (D:1)
  3 giant cockroaches
  5 goblins
  2 hobgoblins (D:1)
  4 bats
  6 frilled lizards
  A giant cockroach zombie (D:2)
  A kobold (D:1)
  9 rats
36 creatures vanquished.

Notes
Turn   | Place    | Note
-------+----------+-------------------------------------------
     0 | D:1      | Hylith the Demonspawn Fighter began the quest for the Orb.
     0 | D:1      | Reached XP level 1. HP: 18/18 MP: 1/1
   165 | D:1      | Gained mutation: You have large cloven feet. [demonic
                  | ancestry]
   165 | D:1      | Reached XP level 2. HP: 24/24 MP: 2/2
   814 | D:2      | Gained mutation: You have hoof-like feet. [demonic
                  | ancestry]
   814 | D:2      | Reached XP level 3. HP: 29/29 MP: 3/3
   852 | D:2      | Found a glowing golden altar of the Shining One.
   877 | D:2      | Found an opulent altar of Gozag.
   877 | D:2      | Found an ornate altar of the Wu Jian Council.
   941 | D:2      | Found a transporter.
   941 | D:2      | Found an ancient bone altar of Kikubaaqudgha.
   943 | D:2      | Noticed Menkaure
   950 | D:2      | Found a transporter.
   968 | D:2      | Found a basalt altar of Yredelemnul.
   975 | D:2      | Noticed a phantom
   978 | D:2      | HP: 1/29 [wight/cursed +3 great sword (13)]
   982 | D:2      | Reached XP level 4. HP: 1/36 MP: 4/4
  1323 | D:2      | Mangled by Menkaure

Levels and vault maps discovered:
D:1:      dpeg_arrival_chambers_temple_mockup, layout_basic
D:2:      layout_loops_cross, gammafunk_temple_of_torment,
          kennysheep_slug_shrine, nicolae_dithmenos_shadow_blocks,
          amethyst_overflow_temple_binary, nicolae_tso_carved_into_rock,
          uniq_crazy_yiuf_cottage, uniq_terence

Skill      XL: |  1  2  3 |
---------------+----------+-----
Maces & Flails | 2 |  2.5
Shields        | 3 |  3.3
Armour         | 3 |  3.0
Fighting       | |  3.6

Action                   |  1- 3 |  4- 6 || total
-------------------------+-------+-------++-------
Melee: Flail             |   111 |    16 ||   127
       Kick              |    17 |     6 ||    23
  Eat: Chunk             |       |     1 ||     1
Armor: Scale mail        |    49 |     7 ||    56
Dodge: Dodged            |    33 |     7 ||    40
Block: Shield            |    47 |    11 ||    58

Table legend:
 A = Non-vault XP
 B = Vault XP
 C = Vault XP percentage of total XP
 D = Non-vault monster count
 E = Vault monster count
 F = Vault count percentage of total count
                 A         B        C        D         E       F
            +---------+---------+-------+---------+---------+-------
      Total |      55 |      60 |  52.2 |      34 |       2 |   5.6
            +---------+---------+-------+---------+---------+-------
        D:1 |      32 |       0 |   0.0 |      22 |       0 |   0.0
        D:2 |      23 |      60 |  72.3 |      12 |       2 |  14.3
            +---------+---------+-------+---------+---------+-------
